| TOP OF THE 1ST |
|
Helena Brewers batting - Pitching for Bristol Pirates : RHP Pete Griesser
|
|
Pitching: RHP Pete Griesser
|
|
|
Batting: RHB Mohammed bin Ubaida
|
0-0: Called Strike 0-1: Called Strike 0-2: Ball 1-2: Ground out U3 (Groundball, 3, EV 80.6 MPH)
|
|
Batting: RHB Lorenzo Diaz
|
0-0: Called Strike 0-1: DOUBLE (Line Drive, 3D, EV 107.5 MPH)
|
|
Batting: RHB Tony Beaumond
|
0-0: Ball 1-0: Ground out 5-3 (Groundball, 56S, EV 88.1 MPH)
|
|
Batting: LHB Greg Reedy
|
0-0: Foul Ball, location: 2F 0-1: Foul Ball, location: 2F 0-2: Foul Ball, location: 2F 0-2: Ball 1-2: Ball 2-2: SINGLE (Line Drive, 9S, EV 85.0 MPH) Lorenzo Diaz to third Runner from 3rd tries for Home, SAFE, throw by RF to home
|
|
Batting: RHB Xiao-shuang Au
|
Pickoff Throw to First - Out! 1-3
|
| Top of the 1st over - 1 run, 2 hits, 0 errors, 0 left on base; Helena 1 - Bristol 0 |
| BOTTOM OF THE 1ST |
|
Bristol Pirates batting - Pitching for Helena Brewers : LHP Brian Rich
|
|
Pitching: LHP Brian Rich
|
|
|
Batting: RHB Melvin Durland
|
0-0: Foul Ball, location: 2F 0-1: Ball 1-1: Swinging Strike 1-2: Ground out 4-3 (Groundball, 4, EV 82.5 MPH)
|
|
Batting: RHB Ricky Alvarado
|
0-0: DOUBLE (Line Drive, 89XD, EV 102.5 MPH)
|
|
Batting: LHB Josh Aerni
|
0-0: Ball 1-0: Ground out 6-3 (Groundball, 6, EV 83.8 MPH) Ricky Alvarado to third
|
|
Batting: RHB Hector Barajas
|
0-0: Ball 1-0: Called Strike 1-1: Ball 2-1: Ball 3-1: Foul Ball, location: 2F 3-2: Foul Ball, location: 2F 3-2: 2-RUN HOME RUN (Flyball, 7D, EV 98.8 MPH), Distance : 387 ft
|
|
Batting: RHB Steve Terres
|
0-0: Called Strike 0-1: Called Strike 0-2: Foul Ball, location: 2F 0-2: Ball 1-2: Ball 2-2: Strikes out swinging
|
| Bottom of the 1st over - 2 runs, 2 hits, 0 errors, 0 left on base; Helena 1 - Bristol 2 |
| TOP OF THE 2ND |
|
Helena Brewers batting - Pitching for Bristol Pirates : RHP Pete Griesser
|
|
Batting: RHB Xiao-shuang Au
|
0-0: Called Strike 0-1: Foul Ball, location: 2F 0-2: Ball 1-2: Strikes out swinging
|
|
Batting: LHB Dusty Bryant
|
0-0: Swinging Strike 0-1: Ball 1-1: Swinging Strike 1-2: Foul Ball, location: 2F 1-2: Ball 2-2: Foul Ball, location: 2F 2-2: Strikes out swinging
|
|
Batting: RHB Curtis Montgomery
|
0-0: Ball 1-0: Foul Ball, location: 2F 1-1: Ball 2-1: Swinging Strike 2-2: Strikes out looking
|
| Top of the 2nd over - 0 runs, 0 hits, 0 errors, 0 left on base; Helena 1 - Bristol 2 |
| BOTTOM OF THE 2ND |
|
Bristol Pirates batting - Pitching for Helena Brewers : LHP Brian Rich
|
|
Batting: RHB Alex Arzate
|
0-0: Called Strike 0-1: Foul Ball, location: 2F 0-2: Foul Ball, location: 2F 0-2: Ball 1-2: Ball 2-2: Foul Ball, location: 2F 2-2: Foul Ball, location: 2F 2-2: Foul Ball, location: 2F 2-2: Ground out 6-3 (Groundball, 6, EV 85.0 MPH)
|
|
Batting: RHB Chris Arroyo
|
0-0: Ground out U3 (Groundball, 13, EV 85.6 MPH)
|
|
Batting: LHB Kazuyoshi Ikeda
|
0-0: Ball 1-0: Called Strike 1-1: Ball 2-1: Swinging Strike 2-2: Ball 3-2: Strikes out swinging
|
| Bottom of the 2nd over - 0 runs, 0 hits, 0 errors, 0 left on base; Helena 1 - Bristol 2 |
| TOP OF THE 3RD |
|
Helena Brewers batting - Pitching for Bristol Pirates : RHP Pete Griesser
|
|
Batting: LHB Alex Chairez
|
0-0: Called Strike 0-1: Ball 1-1: Foul Ball, location: 2F 1-2: Ball 2-2: Ball 3-2: Strikes out swinging
|
|
Batting: RHB Jesus Menjivar
|
0-0: Bunt for hit to 15S - play at first, batter safe!
|
|
Batting: RHB Mohammed bin Ubaida
|
0-0: Called Strike 0-1: Reached on error, E6 (Groundball, 6, EV 89.4 MPH) Jesus Menjivar to second
|
|
Batting: RHB Lorenzo Diaz
|
0-0: Called Strike 0-1: Foul Ball, location: 2F 0-2: Grounds into double play, 6-4-3 (Groundball, 6, EV 87.5 MPH)
|
| Top of the 3rd over - 0 runs, 1 hit, 1 error, 1 left on base; Helena 1 - Bristol 2 |
| BOTTOM OF THE 3RD |
|
Bristol Pirates batting - Pitching for Helena Brewers : LHP Brian Rich
|
|
Batting: RHB Hidesuke Yoshida
|
0-0: Foul Ball, location: 2F 0-1: Ball 1-1: Called Strike 1-2: Strikes out swinging
|
|
Batting: RHB Melvin Durland
|
0-0: Called Strike 0-1: Ball 1-1: Called Strike 1-2: Ball 2-2: Strikes out swinging
|
|
Batting: RHB Ricky Alvarado
|
0-0: Ball 1-0: Swinging Strike 1-1: Ball 2-1: Hit by Pitch
|
|
Batting: LHB Josh Aerni
|
0-0: DOUBLE (Flyball, 7LD, EV 113.8 MPH) Ricky Alvarado to third Runner from 3rd tries for Home, SAFE, no throw by LF
|
|
Batting: RHB Hector Barajas
|
0-0: Ground out 5-3 (Groundball, 56, EV 103.1 MPH)
|
| Bottom of the 3rd over - 1 run, 1 hit, 0 errors, 1 left on base; Helena 1 - Bristol 3 |
| TOP OF THE 4TH |
|
Helena Brewers batting - Pitching for Bristol Pirates : RHP Pete Griesser
|
|
Batting: RHB Tony Beaumond
|
0-0: Ball 1-0: Ball 2-0: Ground out 6-3 (Groundball, 56D, EV 105.6 MPH)
|
|
Batting: LHB Greg Reedy
|
0-0: Ball 1-0: Ball 2-0: SINGLE (Line Drive, 8LS, EV 108.1 MPH)
|
|
Batting: RHB Xiao-shuang Au
|
0-0: Ball 1-0: Fielders Choice at 2nd, 4-6 (Groundball, 4, EV 89.4 MPH)
|
|
Batting: LHB Dusty Bryant
|
0-0: Ball Passed Ball! Xiao-shuang Au to second 1-0: Swinging Strike 1-1: Ball 2-1: Called Strike 2-2: Ball 3-2: Foul Ball, location: 2F 3-2: Base on Balls
|
|
Batting: RHB Curtis Montgomery
|
0-0: Ball 1-0: Ball 2-0: Called Strike 2-1: Ball 3-1: Foul Ball, location: 2F 3-2: Base on Balls Xiao-shuang Au to third Dusty Bryant to second
|
|
Batting: LHB Alex Chairez
|
0-0: Ball 1-0: Swinging Strike 1-1: Foul Ball, location: 2F 1-2: Strikes out swinging
|
| Top of the 4th over - 0 runs, 1 hit, 0 errors, 3 left on base; Helena 1 - Bristol 3 |
| BOTTOM OF THE 4TH |
|
Bristol Pirates batting - Pitching for Helena Brewers : LHP Brian Rich
|
|
Batting: RHB Steve Terres
|
0-0: Swinging Strike 0-1: Ball 1-1: Fly out, F7 (Flyball, 7LS, EV 90.0 MPH)
|
|
Batting: RHB Alex Arzate
|
0-0: Called Strike 0-1: Foul Ball, location: 2F 0-2: Foul Ball, location: 2F 0-2: Ball 1-2: Ball 2-2: DOUBLE (Flyball, 78XD, EV 108.8 MPH)
|
|
Batting: RHB Chris Arroyo
|
0-0: Called Strike 0-1: Ball 1-1: Foul Ball, location: 2F 1-2: Foul Ball, location: 2F 1-2: Ground out 5-3 (Groundball, 56S, EV 82.5 MPH)
|
|
Batting: LHB Kazuyoshi Ikeda
|
0-0: Called Strike 0-1: Ball 1-1: Called Strike 1-2: Foul Ball, location: 2F 1-2: Foul Ball, location: 2F 1-2: Ball 2-2: Fly out, F9 (Flyball, 9D, EV 83.1 MPH)
|
| Bottom of the 4th over - 0 runs, 1 hit, 0 errors, 1 left on base; Helena 1 - Bristol 3 |
| TOP OF THE 5TH |
|
Helena Brewers batting - Pitching for Bristol Pirates : RHP Pete Griesser
|
|
Batting: RHB Jesus Menjivar
|
0-0: Ball 1-0: Called Strike 1-1: Bunt missed! 1-2: Strikes out swinging
|
|
Batting: RHB Mohammed bin Ubaida
|
0-0: Ground out 6-3 (Groundball, 6, EV 98.1 MPH)
|
|
Batting: RHB Lorenzo Diaz
|
0-0: Ball 1-0: Foul Ball, location: 2F 1-1: Foul Ball, location: 2F 1-2: Ground out 5-3 (Groundball, 56, EV 88.1 MPH)
|
| Top of the 5th over - 0 runs, 0 hits, 0 errors, 0 left on base; Helena 1 - Bristol 3 |
| BOTTOM OF THE 5TH |
|
Bristol Pirates batting - Pitching for Helena Brewers : LHP Brian Rich
|
|
Batting: RHB Hidesuke Yoshida
|
0-0: Called Strike 0-1: Ball 1-1: Swinging Strike 1-2: Strikes out looking
|
|
Batting: RHB Melvin Durland
|
0-0: Ball 1-0: Called Strike 1-1: Fly out, F9 (Flyball, 89S, EV 85.6 MPH)
|
|
Batting: RHB Ricky Alvarado
|
0-0: Ground out 6-3 (Groundball, 6, EV 106.2 MPH)
|
| Bottom of the 5th over - 0 runs, 0 hits, 0 errors, 0 left on base; Helena 1 - Bristol 3 |
| TOP OF THE 6TH |
|
Helena Brewers batting - Pitching for Bristol Pirates : RHP Pete Griesser
|
|
Batting: RHB Tony Beaumond
|
0-0: Ball 1-0: Ball 2-0: Called Strike 2-1: Ball 3-1: Foul Ball, location: 2F 3-2: Foul Ball, location: 2F 3-2: Base on Balls
|
|
Batting: LHB Greg Reedy
|
0-0: Called Strike 0-1: Ball 1-1: Foul Ball, location: 2F 1-2: SINGLE (Groundball, 6, EV 108.8 MPH) (infield hit) Tony Beaumond to second
|
|
Batting: RHB Xiao-shuang Au
|
0-0: Ball 1-0: Ball Tony Beaumond steals 3rd base Greg Reedy to second 2-0: Foul Ball, location: 2F 2-1: Ball 3-1: Base on Balls
|
|
Batting: LHB Dusty Bryant
|
0-0: Called Strike 0-1: Foul Ball, location: 2F 0-2: Ball 1-2: Strikes out looking
|
|
Batting: RHB Curtis Montgomery
|
0-0: Ball 1-0: Called Strike 1-1: Grounds into double play, 6-4-3 (Groundball, 6S, EV 77.5 MPH)
|
| Top of the 6th over - 0 runs, 1 hit, 0 errors, 2 left on base; Helena 1 - Bristol 3 |
| BOTTOM OF THE 6TH |
|
Bristol Pirates batting - Pitching for Helena Brewers : LHP Brian Rich
|
|
Batting: LHB Josh Aerni
|
0-0: Ball 1-0: Foul Ball, location: 2F 1-1: Ball 2-1: Ball 3-1: Called Strike 3-2: Strikes out looking
|
|
Batting: RHB Hector Barajas
|
0-0: Ball 1-0: Swinging Strike 1-1: Called Strike 1-2: Foul Ball, location: 2F 1-2: Strikes out looking
|
|
Batting: RHB Steve Terres
|
0-0: Ball 1-0: Called Strike 1-1: Ball 2-1: Ball 3-1: DOUBLE (Line Drive, 78D, EV 107.5 MPH)
|
|
Batting: RHB Alex Arzate
|
0-0: Fly out, F7 (Flyball, 78M, EV 82.5 MPH)
|
| Bottom of the 6th over - 0 runs, 1 hit, 0 errors, 1 left on base; Helena 1 - Bristol 3 |
| TOP OF THE 7TH |
|
Helena Brewers batting - Pitching for Bristol Pirates : RHP Pete Griesser
|
|
Pitching: RHP Randy Nelligan
|
|
|
Batting: LHB Alex Chairez
|
0-0: Ball 1-0: Ball 2-0: Ball 3-0: Base on Balls
|
|
Pinch Hitting: LHB Danny Bautista
|
0-0: Called Strike 0-1: Ball 1-1: Ball 2-1: Ball 3-1: Base on Balls Alex Chairez to second
|
|
Batting: RHB Mohammed bin Ubaida
|
0-0: Bunted foul 0-1: Bunted foul 0-2: Ball 1-2: Foul Ball, location: 2F 1-2: Fly out, F6 (Popup, 6M, EV 33.1 MPH)
|
|
Pinch Hitting: LHB John Fortin
|
0-0: Fielders Choice at 2nd, 3-6 (Groundball, 34, EV 88.8 MPH) Alex Chairez to third
|
|
Batting: RHB Tony Beaumond
|
0-0: TRIPLE (Line Drive, 7D, EV 110.0 MPH) Alex Chairez scores John Fortin scores
|
|
Batting: LHB Greg Reedy
|
0-0: Ball 1-0: Called Strike 1-1: Ball 2-1: Ball 3-1: Swinging Strike 3-2: Base on Balls
|
|
Batting: RHB Xiao-shuang Au
|
0-0: Called Strike 0-1: Ball 1-1: Foul Ball, location: 2F 1-2: Ball 2-2: Foul Ball, location: 2F 2-2: Foul Ball, location: 2F 2-2: Foul Ball, location: 2F 2-2: Foul Ball, location: 2F 2-2: Ball 3-2: Foul Ball, location: 2F 3-2: Strikes out looking
|
| Top of the 7th over - 2 runs, 1 hit, 0 errors, 2 left on base; Helena 3 - Bristol 3 |
| BOTTOM OF THE 7TH |
|
Bristol Pirates batting - Pitching for Helena Brewers : LHP Brian Rich
|
|
Now at SS: Justin Marino
|
|
|
Now in CF: John Fortin
|
|
|
Batting: RHB Chris Arroyo
|
0-0: Ball 1-0: Ball 2-0: Foul Ball, location: 2F 2-1: Swinging Strike 2-2: Foul Ball, location: 2F 2-2: Fly out, F9 (Flyball, 9S, EV 86.9 MPH)
|
|
Batting: LHB Kazuyoshi Ikeda
|
0-0: Swinging Strike 0-1: Ball 1-1: Fly out, F5 (Popup, 5, EV 66.9 MPH)
|
|
Batting: RHB Hidesuke Yoshida
|
0-0: Ball 1-0: Fly out, F8 (Line Drive, 78M, EV 108.8 MPH)
|
| Bottom of the 7th over - 0 runs, 0 hits, 0 errors, 0 left on base; Helena 3 - Bristol 3 |
| TOP OF THE 8TH |
|
Helena Brewers batting - Pitching for Bristol Pirates : RHP Randy Nelligan
|
|
Batting: LHB Dusty Bryant
|
0-0: Swinging Strike 0-1: Ball 1-1: Called Strike 1-2: Ball 2-2: Ball 3-2: Ground out 6-3 (Groundball, 6M, EV 101.9 MPH)
|
|
Pitching: RHP Francisco Santos
|
|
|
Batting: RHB Curtis Montgomery
|
0-0: Foul Ball, location: 2F 0-1: Called Strike 0-2: Strikes out swinging
|
|
Batting: LHB Alex Chairez
|
0-0: Called Strike 0-1: Called Strike 0-2: Fly out, F8 (Line Drive, 8RD, EV 83.1 MPH)
|
| Top of the 8th over - 0 runs, 0 hits, 0 errors, 0 left on base; Helena 3 - Bristol 3 |
| BOTTOM OF THE 8TH |
|
Bristol Pirates batting - Pitching for Helena Brewers : LHP Brian Rich
|
|
Batting: RHB Melvin Durland
|
0-0: Ball 1-0: Called Strike 1-1: SINGLE (Groundball, 6MD, EV 101.9 MPH)
|
|
Batting: RHB Ricky Alvarado
|
0-0: Called Strike 0-1: Ball Wild Pitch! Melvin Durland to second 1-1: Foul Ball, location: 2F 1-2: Ball 2-2: Ground out 6-3 (Groundball, 6, EV 86.2 MPH) Melvin Durland to third
|
|
Batting: LHB Josh Aerni
|
0-0: Called Strike 0-1: Ball 1-1: Ball 2-1: Ground out 4-3 (Groundball, 13, EV 91.2 MPH)
|
|
Batting: RHB Hector Barajas
|
0-0: Called Strike 0-1: Ball 1-1: Foul Ball, location: 2F 1-2: Strikes out swinging
|
| Bottom of the 8th over - 0 runs, 1 hit, 0 errors, 1 left on base; Helena 3 - Bristol 3 |
| TOP OF THE 9TH |
|
Helena Brewers batting - Pitching for Bristol Pirates : RHP Francisco Santos
|
|
Batting: RHB Justin Marino
|
0-0: Ground out 6-3 (Groundball, 6, EV 105.6 MPH)
|
|
Batting: RHB Mohammed bin Ubaida
|
0-0: Ball 1-0: Called Strike 1-1: Ball 2-1: Called Strike 2-2: Foul Ball, location: 2F 2-2: Foul Ball, location: 2F 2-2: Ball 3-2: Fly out, F7 (Flyball, 7LM, EV 86.2 MPH)
|
|
Batting: LHB John Fortin
|
0-0: Swinging Strike 0-1: Foul Ball, location: 2F 0-2: Foul Ball, location: 2F 0-2: Ball 1-2: Ball 2-2: Strikes out looking
|
| Top of the 9th over - 0 runs, 0 hits, 0 errors, 0 left on base; Helena 3 - Bristol 3 |
| BOTTOM OF THE 9TH |
|
Bristol Pirates batting - Pitching for Helena Brewers : LHP Brian Rich
|
|
Pitching: RHP Alejandro Souto
|
|
|
Batting: RHB Steve Terres
|
0-0: Ball 1-0: Ball 2-0: Ball 3-0: Called Strike 3-1: Ground out U3 (Groundball, 34S, EV 85.0 MPH)
|
|
Batting: RHB Alex Arzate
|
0-0: Fly out, F8 (Line Drive, 8RD, EV 93.8 MPH)
|
|
Pinch Hitting: LHB Dustin Herman
|
0-0: Ball 1-0: Called Strike 1-1: Ball 2-1: Foul Ball, location: 2F 2-2: Ball 3-2: Foul Ball, location: 2F 3-2: Ground out U3 (Groundball, 34, EV 82.5 MPH)
|
| Bottom of the 9th over - 0 runs, 0 hits, 0 errors, 0 left on base; Helena 3 - Bristol 3 |
| TOP OF THE 10TH |
|
Helena Brewers batting - Pitching for Bristol Pirates : RHP Francisco Santos
|
|
Now at 3B: Erik Mulligan
|
|
|
Batting: RHB Tony Beaumond
|
0-0: Ball 1-0: Called Strike 1-1: Foul Ball, location: 2F 1-2: Ball 2-2: Foul Ball, location: 2F 2-2: Foul Ball, location: 2F 2-2: Foul Ball, location: 2F 2-2: Ground out 5-3 (Groundball, 56S, EV 81.9 MPH)
|
|
Batting: LHB Greg Reedy
|
0-0: Foul Ball, location: 2F 0-1: Foul Ball, location: 2F 0-2: Strikes out looking
|
|
Batting: RHB Xiao-shuang Au
|
0-0: Ball 1-0: Ball 2-0: Called Strike 2-1: Swinging Strike 2-2: Foul Ball, location: 2F 2-2: Foul Ball, location: 2F 2-2: Ball 3-2: Foul Ball, location: 2F 3-2: Foul Ball, location: 2F 3-2: Foul Ball, location: 2F 3-2: Strikes out looking
|
| Top of the 10th over - 0 runs, 0 hits, 0 errors, 0 left on base; Helena 3 - Bristol 3 |
| BOTTOM OF THE 10TH |
|
Bristol Pirates batting - Pitching for Helena Brewers : RHP Alejandro Souto
|
|
Pitching: LHP Bill Dunham
|
|
|
Pinch Hitting: SHB Ronnie Brooks
|
0-0: Foul Ball, location: 2F 0-1: SINGLE (Line Drive, 6MD, EV 110.6 MPH)
|
|
Batting: RHB Hidesuke Yoshida
|
0-0: Ball 1-0: Bunted foul 1-1: Bunt missed! 1-2: Fly out, F9 (Line Drive, 9, EV 103.8 MPH)
|
|
Batting: RHB Melvin Durland
|
0-0: Foul Ball, location: 2F 0-1: Ball 1-1: Ball 2-1: Ball 3-1: Fly out, F8 (Flyball, 8LM, EV 83.1 MPH)
|
|
Batting: RHB Ricky Alvarado
|
0-0: Called Strike 0-1: Foul Ball, location: 2F 0-2: Ball 1-2: Strikes out looking
|
| Bottom of the 10th over - 0 runs, 1 hit, 0 errors, 1 left on base; Helena 3 - Bristol 3 |
| TOP OF THE 11TH |
|
Helena Brewers batting - Pitching for Bristol Pirates : RHP Francisco Santos
|
|
Now in RF: Rusty Trader
|
|
|
Batting: LHB Dusty Bryant
|
0-0: Ball 1-0: Called Strike 1-1: Ball 2-1: Ball 3-1: Foul Ball, location: 2F 3-2: Foul Ball, location: 2F 3-2: Base on Balls
|
|
Pitching: RHP Nick Lockwood
|
|
|
Batting: RHB Curtis Montgomery
|
0-0: Bunt missed! 0-1: Ball 1-1: Bunt missed! 1-2: Ball 2-2: Strikes out swinging
|
|
Batting: LHB Alex Chairez
|
0-0: Ball 1-0: Ball 2-0: Ball 3-0: Base on Balls Dusty Bryant to second
|
|
Batting: RHB Justin Marino
|
0-0: Called Strike 0-1: Bunted foul 0-2: Ball 1-2: Ball 2-2: Foul Ball, location: 2F 2-2: Ground out 5-3 (Groundball, 56S, EV 90.6 MPH) Dusty Bryant to third Alex Chairez to second
|
|
Batting: RHB Mohammed bin Ubaida
|
0-0: Ball 1-0: Foul Ball, location: 2F 1-1: Ball 2-1: Ground out 6-3 (Groundball, 6, EV 88.8 MPH)
|
| Top of the 11th over - 0 runs, 0 hits, 0 errors, 2 left on base; Helena 3 - Bristol 3 |
| BOTTOM OF THE 11TH |
|
Bristol Pirates batting - Pitching for Helena Brewers : LHP Bill Dunham
|
|
Batting: LHB Josh Aerni
|
0-0: Ball 1-0: Ball 2-0: Foul Ball, location: 2F 2-1: Ball 3-1: Called Strike 3-2: Base on Balls
|
|
Batting: RHB Hector Barajas
|
0-0: Ball 1-0: Swinging Strike 1-1: Swinging Strike 1-2: Ball Passed Ball! Josh Aerni to second 2-2: Ball 3-2: Foul Ball, location: 2F 3-2: Strikes out swinging
|
|
Batting: RHB Steve Terres
|
0-0: Intentional Walk
|
|
Batting: RHB Alex Arzate
|
0-0: Ball 1-0: Swinging Strike 1-1: Swinging Strike 1-2: Fly out, F7 (Line Drive, 78D, EV 98.8 MPH)
|
|
Batting: RHB Erik Mulligan
|
0-0: Called Strike 0-1: Swinging Strike 0-2: Strikes out swinging
|
| Bottom of the 11th over - 0 runs, 0 hits, 0 errors, 2 left on base; Helena 3 - Bristol 3 |
| TOP OF THE 12TH |
|
Helena Brewers batting - Pitching for Bristol Pirates : RHP Nick Lockwood
|
|
Batting: LHB John Fortin
|
0-0: Called Strike 0-1: Ball 1-1: Ball 2-1: Swinging Strike 2-2: Ball 3-2: Base on Balls
|
|
Pitching: RHP Otok Barleyfoot
|
|
|
Batting: RHB Tony Beaumond
|
Pickoff Throw to First - Error! E1 John Fortin to second 0-0: Ball 1-0: Ball 2-0: Swinging Strike 2-1: Foul Ball, location: 2F 2-2: Strikes out looking
|
|
Batting: LHB Greg Reedy
|
0-0: Intentional Walk
|
|
Batting: RHB Xiao-shuang Au
|
0-0: Ball 1-0: Ball 2-0: Foul Ball, location: 2F 2-1: Foul Ball, location: 2F 2-2: Ball 3-2: Base on Balls John Fortin to third Greg Reedy to second
|
|
Batting: LHB Dusty Bryant
|
0-0: Called Strike 0-1: Ball 1-1: Ball 2-1: Called Strike 2-2: Ball 3-2: Foul Ball, location: 2F 3-2: Base on Balls John Fortin scores Greg Reedy to third Xiao-shuang Au to second
|
|
Pitching: RHP Onne Stubbe
|
|
|
Batting: RHB Curtis Montgomery
|
0-0: Ball 1-0: Swinging Strike 1-1: Ball 2-1: Swinging Strike 2-2: Ball 3-2: Base on Balls Greg Reedy scores Xiao-shuang Au to third Dusty Bryant to second
|
|
Batting: LHB Alex Chairez
|
0-0: Ball 1-0: Fly out, F8 (Flyball, 89XD, EV 100.0 MPH) Runner from 3rd tags up, SCORES, no throw by CF Dusty Bryant to third
|
|
Batting: RHB Justin Marino
|
0-0: Ground out 3-1 (Groundball, 34S, EV 86.9 MPH)
|
| Top of the 12th over - 3 runs, 0 hits, 1 error, 2 left on base; Helena 6 - Bristol 3 |
| BOTTOM OF THE 12TH |
|
Bristol Pirates batting - Pitching for Helena Brewers : LHP Bill Dunham
|
|
Pitching: RHP Jim Strickland
|
|
|
Now at 1B: Drew Forbess
|
|
|
Batting: RHB Rusty Trader
|
0-0: Called Strike 0-1: Ball 1-1: Ball 2-1: DOUBLE (Flyball, 8RXD, EV 108.8 MPH)
|
|
Pinch Hitting: SHB Don Hauk
|
0-0: Foul Ball, location: 2F 0-1: Foul Ball, location: 2F 0-2: Ball 1-2: Foul Ball, location: 2F 1-2: Foul Ball, location: 2F 1-2: Strikes out swinging
|
|
Batting: RHB Melvin Durland
|
0-0: Called Strike 0-1: Foul Ball, location: 2F 0-2: Foul Ball, location: 2F 0-2: Ball 1-2: Ball 2-2: Foul Ball, location: 2F 2-2: SINGLE (Groundball, 6MD, EV 110.0 MPH) Rusty Trader to third
|
|
Batting: RHB Ricky Alvarado
|
0-0: Ball 1-0: Foul Ball, location: 2F 1-1: Called Strike 1-2: Ball 2-2: Foul Ball, location: 2F 2-2: Foul Ball, location: 2F 2-2: Fielders Choice at 2nd, 6-4 (Groundball, 6, EV 84.4 MPH) Rusty Trader scores
|
|
Batting: LHB Josh Aerni
|
0-0: Called Strike 0-1: Foul Ball, location: 2F 0-2: Ball 1-2: Ball 2-2: SINGLE (Line Drive, 7S, EV 103.1 MPH) Ricky Alvarado to second
|
|
Batting: RHB Hector Barajas
|
0-0: Foul Ball, location: 2F 0-1: Foul Ball, location: 2F 0-2: Ball 1-2: Ball 2-2: Strikes out looking
|
| Bottom of the 12th over - 1 run, 3 hits, 0 errors, 2 left on base; Helena 6 - Bristol 4 |
|